 Dungeon Crawl Stone Soup version 0.32-a0-329-ge6c31236d6 (webtiles) character file.

Game seed: 4567277015086488710

142 Xavori the Cudgeller (level 5, -1/46 HPs)
             Began as a Mountain Dwarf Chaos Knight on Feb 16, 2024.
             Was a Plaything of Xom.
             Slain by Pikel
             ... wielding a +2 whip of freezing
              (8 damage)
             ... on level 3 of the Dungeon.
             The game lasted 00:02:14 (5627 turns).

Xavori the Cudgeller (Mountain Dwarf Chaos Knight)  Turns: 5627, Time: 00:02:15

Health: -1/46      AC:  8    Str: 16    XL:     5   Next: 3%
Magic:  4/4        EV: 11    Int: 13    God:    Xom [...*..]
Gold:   117        SH:  0    Dex: 11    Spells: 4/4 levels left

rFire   . . .        a - +0 mace (chaos)
rCold   . . .        (no shield)
rNeg    . . .        b - +2 leather armour
rPois   .            (no helmet)
rElec   .            (no cloak)
rCorr   .            s - +0 pair of gloves
SInv    .            (no boots)
Will    .....        (no amulet)
Stlth   ++           (no ring)
HPRegen 0.27/turn    (no ring)
MPRegen 0.09/turn

%: clarity
@: no status effects
A: runic magic, artefact enchanting, iridescent scales 1, thin skeletal
structure 1, clarity, low MP 1, mutation resistance 1, MP-powered wands
a: Renounce Religion


You were on level 3 of the Dungeon.
You worshipped Xom.
You were a favourite toy of Xom.
You visited 1 branch of the dungeon, and saw 4 of its levels.

You collected 117 gold pieces.

Inventory:

Hand Weapons
 a - a +0 mace of chaos (weapon)
Armour
 b - a +2 leather armour (worn)
 s - a +0 pair of gloves (worn)
Jewellery
 e - a +4 ring of slaying
 l - a +5 ring of evasion
 m - a ring of positive energy
 n - a ring of poison resistance
Scrolls
 c - a scroll of butterflies
 g - a scroll of fog {unknown}
 i - 2 scrolls of teleportation
 j - a scroll of summoning
 p - a scroll of amnesia {unknown}
 q - a scroll of fear {unknown}
Potions
 d - 2 potions of haste {unknown}
 f - a potion of degeneration {unknown}
 h - a potion of curing {unknown}
 k - a potion of enlightenment {unknown}
 o - a potion of brilliance {unknown}
 r - a potion of mutation {unknown}


   Skills:
 + Level 4.2 Fighting
 + Level 4.7 Maces & Flails
 + Level 3.4 Armour
 + Level 1.8 Dodging


You had 4 spell levels left.
You didn't know any spells.
Your spell library contained the following spells:

 Spells                   Type           Power      Damage    Failure   Level
 Ensorcelled Hibernation  Hex/Ice        0%         N/A       43%         2
 Fugue of the Fallen      Necr           0%         N/A       67%         3
 Anguish                  Hex/Necr       0%         N/A       97%         4


Dungeon Overview and Level Annotations

Branches:
Dungeon (4/15)
 Temple: D:4-7

Altars:
Xom

Annotations:
D:3 Pikel


Innate Abilities, Weirdness & Mutations

Your spellcasting is much less encumbered by armour.
You can use scrolls of enchantment on lesser artefacts.
You are partially covered in iridescent scales. (AC +2)
You have a somewhat thin skeletal structure. (Dex +2, Stealth+)
You possess an exceptional clarity of mind.
Your magical capacity is low. (-10% MP)
You are somewhat resistant to further mutation.
You expend magic power (3 MP) to strengthen your wands.


Message History

There are monsters nearby!
The lemure hits you. The lemure closely misses you.
Pikel hits you with a +2 whip of freezing.
Pikel freezes you.
You climb upwards.
There is a stone staircase leading down here.
You hit Pikel but do no damage.
Pikel hits you with a +2 whip of freezing.
Pikel freezes you. The lemure hits you but does no damage.
The lemure completely misses you.
You hit Pikel but do no damage. "Serve the mortal, my children!"
Pikel hits you with a +2 whip of freezing!
Pikel freezes you. The lemure hits you. x2
You sock Pikel! You freeze Pikel.
Pikel is moderately wounded.
Your ufetubus hits Pikel but does no damage. x3
Your ufetubus closely misses Pikel.
Your quasit barely misses the lemure.
Your quasit misses the lemure.
Your quasit claws the lemure but does no damage.
The lemure hits you but does no damage. The lemure closely misses you.
Pikel hits your ufetubus with a +2 whip of freezing!
Pikel freezes your ufetubus.
Your ufetubus dies!
Your ufetubus disappears in a puff of smoke!
You barely miss Pikel.
Pikel is moderately wounded.
Your ufetubus closely misses Pikel.
Your ufetubus hits Pikel but does no damage.
Your quasit bites the lemure but does no damage.
Your quasit misses the lemure.
Your quasit barely misses the lemure.
The lemure hits you.
* * * LOW HITPOINT WARNING * * *
Your ufetubus hits Pikel but does no damage.
Your ufetubus barely misses Pikel.
The lemure hits you.
* * * LOW HITPOINT WARNING * * *
Pikel hits you with a +2 whip of freezing!
You die...
Pikel says, "Another soul for the market."
Xom cackles wildly!

#...........# #######
#...........####.....#
#...........#.##.....#########
####.............#...............
..##.(.........#.......÷#########
#.##########.#.#..#.....# #...
#.# #...#§5#.....# #...
#.##########...#K5#.....######...
#.............##@55..............
############..#####.....########.
#.#######..# #.....# #.
#..........########### #.
#...............# ####### #^
#..........####.# #.....# #%
#..........# #.# #.###.# #.
####..........# #.# #.# #.# #.
..)...........# #.###.# #.# #.


You could see Pikel (ally target), 2 lemures, a friendly quasit (summoned) and a
friendly ufetubus (summoned).

Vanquished Creatures
  A bombardier beetle (D:2)
  An adder (D:2)
  A dart slug (D:2)
  A ribbon worm (D:2)
  5 bats
  9 endoplasms
  2 giant cockroaches (D:1)
  9 goblins
  4 hobgoblins
  3 jackals (D:1)
  4 quokkas
  2 ball pythons (D:1)
  2 frilled lizards (D:1)
  6 kobolds
  A rat (D:1)
  A spectral goblin (D:2)
52 creatures vanquished.

Notes
Turn   | Place    | Note
-------+----------+-------------------------------------------
     0 | D:1      | Xavori the Mountain Dwarf Chaos Knight began the quest for
                  | the Orb.
     0 | D:1      | Reached XP level 1. HP: 19/19 MP: 1/1
    80 | D:1      | Reached skill level 1 in Dodging
    80 | D:1      | Reached XP level 2. HP: 14/26 MP: 2/2
   202 | D:1      | XOM: divination: magic mapping
   235 | D:1      | XOM: divination: detect creatures
   238 | D:1      | XOM: divination: magic mapping
   255 | D:1      | XOM: divination: detect items
   390 | D:1      | XOM: 2-stop teleportation journey
   407 | D:1      | Reached XP level 3. HP: 31/31 MP: 3/3
   426 | D:1      | XOM: summons 3 hostile shadow creatures
   430 | D:1      | XOM: enchant monster (bad)
   459 | D:1      | XOM: give mutations
   459 | D:1      | Gained mutation: You have a somewhat thin skeletal
                  | structure. (Dex +2, Stealth+) [Xom's mischief]
   459 | D:1      | Gained mutation: Armour fits poorly on your strangely
                  | shaped body. [Xom's mischief]
   911 | D:1      | XOM: draining
  1584 | D:1      | XOM is BORED!
  1584 | D:1      | XOM: give mutations
  1584 | D:1      | Gained mutation: You are frail. (-10% HP) [Xom's mischief]
  1584 | D:1      | Lost mutation: Armour fits poorly on your strangely shaped
                  | body. [Xom's mischief]
  1584 | D:1      | Gained mutation: You expend magic power (3 MP) to
                  | strengthen your wands. [Xom's mischief]
  2096 | D:1      | XOM: torment (14/26 hp)
  2483 | D:1      | XOM: give mutations
  2483 | D:1      | Gained mutation: You possess an exceptional clarity of
                  | mind. [Xom's grace]
  2483 | D:1      | Gained mutation: Your flesh is cold resistant. (rC+) [Xom's
                  | grace]
  2483 | D:1      | Lost mutation: You are frail. (-10% HP) [Xom's grace]
  2483 | D:1      | Gained mutation: Your spells are a little harder to cast,
                  | but a little more powerful. [Xom's grace]
  2603 | D:1      | XOM: scenery: create altars
  2776 | D:1      | XOM: divination: magic mapping
  4121 | D:1      | XOM: summons 1 hostile demon
  4245 | D:2      | XOM: give mutation
  4245 | D:2      | Gained mutation: You are partially covered in iridescent
                  | scales. (AC +2) [Xom's mischief]
  4491 | D:2      | Reached XP level 4. HP: 37/37 MP: 4/4
  4561 | D:2      | Found a faded altar of an unknown god.
  4597 | D:2      | XOM: give mutations
  4597 | D:2      | Gained mutation: You are somewhat resistant to further
                  | mutation. [Xom's mischief]
  4597 | D:2      | Lost mutation: Your spells are a little harder to cast, but
                  | a little more powerful. [Xom's mischief]
  4597 | D:2      | Lost mutation: Your flesh is cold resistant. (rC+) [Xom's
                  | mischief]
  4597 | D:2      | Gained mutation: Your magical capacity is low. (-10% MP)
                  | [Xom's mischief]
  4668 | D:2      | XOM: summons 3 hostile demons
  5030 | D:2      | XOM: god gift: puce potion {god gift}
  5287 | D:3      | Reached XP level 5. HP: 46/46 MP: 4/4
  5621 | D:4      | Noticed Pikel
  5621 | D:4      | Noticed a lemure
  5621 | D:4      | Noticed a lemure
  5621 | D:4      | Noticed a lemure
  5621 | D:4      | Noticed a lemure
  5625 | D:3      | XOM: summons 3 friendly demons
  5627 | D:3      | Slain by Pikel

Illustrated notes

Levels and vault maps discovered:
D:1:      dpeg_arrival_triangle_fractal, layout_basic, serial_bayou,
          serial_bayou_pond_c, serial_bayou_lake_a, serial_bayou_ford_a,
          serial_bayou_pond_e, serial_bayou_pond_c, serial_bayou_pond_c,
          minmay_tromino_v4_b
D:2:      layout_loops_ring, dreamdust_ecumenical_altar_drowned_temple
D:3:      layout_basic
D:4:      layout_cave_pools, minmay_circle_x, uniq_menkaure, uniq_pikel

Skill      XL: |  1  2  3  4 |
---------------+-------------+-----
Dodging        | 1 |  1.8
Maces & Flails | 4 |  4.7
Armour         | 3 |  3.4
Fighting       | 4 |  4.2

Action                     |  1- 3 |  4- 6 || total
---------------------------+-------+-------++-------
  Melee: Mace              |   114 |    54 ||   168
    Use: Scroll            |       |     2 ||     2
   Stab: Sleeping          |       |     4 ||     4
 Armour: Leather armour    |   116 |    59 ||   175
  Dodge: Dodged            |   128 |    60 ||   188

Table legend: (Time is in decaauts)
 A = Elapsed time spent in this place.
 B = Non-inter-level travel time spent in this place.
 C = Inter-level travel time spent in this place.
 D = Time resting spent in this place.
 E = Time spent auto-exploring this place.
 F = Levels seen in this place.
 G = Mean time per level.
                   A        B        C        D        E       F      G
               +--------+--------+--------+--------+--------+-----+--------+
         Total |   5726 |   5618 |    108 |   3564 |   1584 |   4 | 1431.5 |
       Dungeon |   5726 |   5618 |    108 |   3564 |   1584 |   4 | 1431.5 |
               +--------+--------+--------+--------+--------+-----+--------+

Top non-repeatable levels by time:
     D:1: 4200 daAuts
     D:2: 836 daAuts
     D:3: 688 daAuts
     D:4: 1 daAuts
